 Dungeon Crawl Stone Soup version 0.20-a0-544-g2b9a704 (webtiles) character file.

4027 AlphabetPasta the Cleaver (level 10, -6/88 HPs)
             Began as a Minotaur Berserker on Jan 31, 2017.
             Was a High Priest of Trog.
             Mangled by an orc warrior
             ... wielding a +0 trident
              (18 damage)
             ... in a bailey.
             The game lasted 00:33:23 (6824 turns).

AlphabetPasta the Cleaver (Minotaur Berserker)      Turns: 6824, Time: 00:33:24

Health: -6/88      AC: 10    Str: 24    XL:     10   Next: 4%
Magic:  11/11      EV: 12    Int:  4    God:    Trog [*****.]
Gold:   442        SH:  0    Dex: 11    Spells: 9/9 levels left

rFire    . . .     SeeInvis .   a - +3 war axe (chop)
rCold    + . .     Gourm    .   n - +0 scale mail
rNeg     + . .     Faith    .   (no shield)
rPois    .         Spirit   .   (helmet restricted)
rElec    .         Reflect  .   h - +1 cloak
rCorr    .         Harm     .   (no gloves)
MR       .....                  (no boots)
Stlth    ..........             (no amulet)
Regen    0.3/turn               A - ring of protection from cold
                                q - ring of positive energy

@: no status effects
A: retaliatory headbutt, horns 2
a: Berserk, Trog's Hand, Brothers in Arms, Burn Spellbooks, Renounce Religion


You were in a bailey.
You worshipped Trog.
Trog was extremely pleased with you.
You were not hungry.

You visited 1 branch of the dungeon, and saw 8 of its levels.
You also visited: Bailey.

You collected 541 gold pieces.
You spent 99 gold pieces at shops.

Inventory:

Hand Weapons
 a - a +3 war axe of chopping (weapon)
 b - a +2 longbow of flaming
 o - a +0 hand axe
 v - a cursed +0 battleaxe
 x - a +1 whip of electrocution
Missiles
 u - 75 arrows
Armour
 h - a +1 cloak (worn)
 i - a +0 plate armour
 n - a +0 scale mail (worn)
 y - a +0 animal skin
Jewellery
 q - a ring of positive energy (left hand)
 A - a ring of protection from cold (right hand)
Wands
 e - a wand of flame (20/48)
 s - a wand of iceblast (5/15)
 t - a wand of enslavement (0/24)
 z - a wand of flame (23/48)
 C - a wand of lightning (12/15)
 D - a wand of flame (32/48)
Scrolls
 l - 2 scrolls of teleportation
 m - 4 scrolls of remove curse
 r - a scroll of fog
 w - a scroll of enchant armour
Potions
 f - a potion of haste
 j - 2 potions of curing
 p - 2 potions of brilliance
Comestibles
 c - 3 bread rations
 d - 4 royal jellies
 g - a fruit
 k - 3 meat rations


   Skills:
 + Level 8.0 Fighting
 * Level 11.1 Axes
 * Level 4.1 Bows
 + Level 8.0 Armour
 + Level 5.4 Dodging
 + Level 3.5 Evocations


You had 9 spell levels left.
You didn't know any spells.

Dungeon Overview and Level Annotations

Branches:
Dungeon (8/15)             Temple (0/1) D:7
   Lair: D:8-11

Altars:
Gozag
Okawaru
Uskayaw
Vehumet
Yredelemnul

Shops:
D:4 ?


Innate Abilities, Weirdness & Mutations

You reflexively headbutt those who attack you in melee.
You have a pair of horns on your head.


Message History

You headbutt the orc warrior.
The orc warrior is severely wounded.
The orc knight roars a battlecry!
The orc knight goes into a battle-frenzy!
The orc warrior hits you!!
* * * LOW HITPOINT WARNING * * *
You feel better. The orc warrior hits you!
* * * LOW HITPOINT WARNING * * *
You completely miss the orc warrior. You headbutt the orc warrior!
You kill the orc warrior!
Trog accepts your kill.
An orc warrior comes into view. It is wielding a trident.
Evoke which item? (* to show all) (? for menu, Esc to quit)
Aiming: Enslavement (will waste charges)
Press: ? - help, Shift-Dir - straight line, f - orc warrior
Aim: an orc warrior, wielding a trident and wearing a chain mail (chance to defeat MR: 56%)
The orc warrior resists with significant effort.
Evoking this partially-identified wand wasted a few charges.
The orc warrior hits you from afar with a trident!!
You die...

### ##### ##∩##
####
.....##...##....
(≈≈≈..#...#..≈≈≈
≈≈.≈≈.......≈≈o≈
≈())≈.......≈ooo
≈≈.≈≈o).....≈≈o≈
≈≈≈..#@..#..≈≈≈
... #.((# ... #
##∩## # ###


You could see 2 orc knights, 2 orc warriors and an orc.

Vanquished Creatures
  Pikel (D:6)
  A hippogriff (D:7)
  Sigmund (D:5)
  Eustachio (D:6)
  Edmund (D:6)
  2 phantoms
  4 slaves (D:6)
  6 orc warriors
  An ice beast (D:6)
  2 ogres
  The ghost of Geoffrax the Chopper, an amateur DrGl (D:3)
  A necrophage (D:7)
  2 bullfrogs
  2 scorpions
  A water moccasin skeleton (D:7)
  3 wights (D:7)
  A howler monkey (D:5)
  2 crimson imps (D:7)
  2 bullfrog zombies (D:7)
  2 hounds
  5 orc priests
  A centaur skeleton (D:7)
  A gnoll shaman (D:5)
  A bullfrog skeleton (D:7)
  Natasha (thrice) (D:2)
  5 iguanas (D:4)
  6 orc wizards
  7 worker ants
  A hound zombie (D:7)
  A hound skeleton (D:7)
  A howler monkey zombie (D:7)
  12 gnolls
  2 howler monkey skeletons
  10 adders
  A shadow imp (D:6)
  An ooze (D:1)
  An adder zombie (D:7)
  5 worms
  2 dart slugs (D:2)
  4 leopard geckos
  31 orcs
  A ball python (D:2)
  10 bats
  4 giant cockroaches
  9 goblins
  10 hobgoblins
  11 jackals
  4 quokkas
  5 frilled lizards
  8 kobolds
  A leopard gecko skeleton (D:5)
  A quokka skeleton (D:4)
  A quokka zombie (D:7)
  6 rats
209 creatures vanquished.

Notes
Turn   | Place    | Note
-------+----------+-------------------------------------------
     0 | D:1      | AlphabetPasta the Minotaur Berserker began the quest for the Orb.
     0 | D:1      | Reached XP level 1. HP: 19/19 MP: 0/0
   183 | D:1      | Reached XP level 2. HP: 27/27 MP: 1/1
   683 | D:1      | Reached skill level 4 in Axes
   786 | D:2      | Reached XP level 3. HP: 26/33 MP: 2/2
   791 | D:2      | Noticed Natasha
   799 | D:2      | HP: 1/49 [Natasha (3)]
   803 | D:2      | Killed Natasha
   858 | D:2      | Noticed Natasha
   865 | D:2      | Killed Natasha
   865 | D:2      | Reached XP level 4. HP: 26/41 MP: 3/3
   888 | D:2      | Noticed Natasha
   896 | D:2      | Killed Natasha
   896 | D:2      | Reached skill level 5 in Axes
  1109 | D:2      | Reached ** piety under Trog
  1202 | D:2      | Reached XP level 5. HP: 31/47 MP: 4/4
  1360 | D:2      | Found a hide-covered altar of Uskayaw.
  1363 | D:2      | Noticed a dagger
  1363 | D:2      | Noticed a hand axe
  2207 | D:3      | Reached skill level 5 in Fighting
  2223 | D:3      | Noticed Geoffrax's ghost (amateur DrGl)
  2277 | D:3      | Killed Geoffrax's ghost
  2277 | D:3      | Reached skill level 6 in Axes
  2277 | D:3      | Reached XP level 6. HP: 56/56 MP: 5/5
  2703 | D:3      | Found an iron altar of Okawaru.
  2703 | D:3      | Found a basalt altar of Yredelemnul.
  2931 | D:3      | Reached *** piety under Trog
  2981 | D:4      | Reached skill level 7 in Axes
  3059 | D:4      | Reached skill level 5 in Armour
  3062 | D:4      | Reached XP level 7. HP: 50/61 MP: 6/6
  3262 | D:4      | Found an opulent altar of Gozag.
  3272 | D:4      | Reached skill level 8 in Axes
  3660 | D:4      | Found Reekhlue's Magic Scroll Emporium.
  3665 | D:4      | Bought a scroll of fog for 22 gold pieces
  3665 | D:4      | Bought a scroll of teleportation for 33 gold pieces
  3665 | D:4      | Bought a scroll of identify for 22 gold pieces
  3665 | D:4      | Bought a scroll of identify for 22 gold pieces
  3916 | D:4      | Reached XP level 8. HP: 52/71 MP: 7/7
  4024 | D:5      | Entered Level 5 of the Dungeon
  4105 | D:5      | Reached **** piety under Trog
  4139 | D:5      | Noticed Sigmund
  4144 | D:5      | Killed Sigmund
  4144 | D:5      | Reached skill level 9 in Axes
  4144 | D:5      | Reached skill level 1 in Evocations
  5051 | D:6      | Noticed Eustachio
  5062 | D:6      | Noticed Pikel
  5104 | D:6      | Killed Pikel
  5104 | D:6      | Reached skill level 10 in Axes
  5104 | D:6      | Reached XP level 9. HP: 49/79 MP: 9/9
  5109 | D:6      | Killed Eustachio
  5465 | D:6      | Found a radiant altar of Vehumet.
  5518 | D:6      | Noticed Edmund
  5530 | D:6      | Killed Edmund
  5567 | D:6      | Reached skill level 1 in Bows
  5856 | D:7      | Reached skill level 5 in Dodging
  6142 | D:7      | Found a staircase to the Ecumenical Temple.
  6652 | D:8      | Found a flagged portal.
  6776 | Bailey   | Entered a bailey
  6776 | Bailey   | Noticed an orc knight
  6777 | Bailey   | Noticed an orc knight
  6793 | Bailey   | Reached ***** piety under Trog
  6794 | Bailey   | Reached skill level 11 in Axes
  6800 | Bailey   | Reached XP level 10. HP: 53/88 MP: 11/11
  6824 | Bailey   | Mangled by an orc warrior

Vault maps used:
D:1:      dpeg_arrival_rooms_b, minivault_23, kennysheep_decorative_pillar,
          minmay_pentomino_o2
D:2:      dancing_weapons_uskayaw, serial_bayou_crossing, uniq_natasha
D:3:      gammafunk_temple_overflow_pools
D:4:      grunt_gozag_breadcrumbs, serial_shops, shop
D:5:      first_bread, uniq_sigmund
D:6:      vehumet_altar_wand_db, uniq_edmund, uniq_eustachio, uniq_pikel
D:7:      temple_doors_e, serial_undead, serial_undead_f, serial_undead_f,
          serial_undead_f, serial_undead_d
D:8:      enter_bailey_8, grunt_livestock
Bailey:   bailey_polearm_4, bailey

Skill      XL: |  1  2  3  4  5  6  7  8  9 |
---------------+----------------------------+-----
Fighting       | 4 5 6 7 8 |  8.0
Axes           | 4 5 6 7 8 10 11 | 11.1
Armour         | 3 4 5 6 7 8 |  8.0
Dodging        | 4 5 |  5.4
Evocations     | 2 3 |  3.5
Bows           | 4 |  4.1

Action                   |  1- 3 |  4- 6 |  7- 9 | 10-12 || total
-------------------------+-------+-------+-------+-------++-------
Melee: Hand axe          |    55 |   179 |       |       ||   234
       Headbutt          |     8 |    27 |    46 |     2 ||    83
       War axe           |       |     8 |   280 |     3 ||   291
 Fire: Longbow           |       |       |     5 |       ||     5
Invok: Berserk           |       |     1 |     1 |       ||     2
       Trog's Hand       |       |     1 |       |       ||     1
Evoke: Wand              |       |       |     3 |     1 ||     4
  Use: Scroll            |     1 |     6 |     7 |       ||    14
       Potion            |     3 |       |       |     1 ||     4
  Eat: Chunk             |       |     8 |    11 |       ||    19
       Fruit             |       |       |     3 |       ||     3
Armor: Animal skin       |     9 |     4 |       |       ||    13
       Skin              |     1 |       |       |       ||     1
       Scale mail        |       |    39 |    82 |       ||   121
       Plate armour      |       |    12 |       |       ||    12
Dodge: Dodged            |    39 |   106 |   129 |     1 ||   275
